 Dungeon Crawl Stone Soup version 0.32-a0-931-g5a2cda0630 (webtiles) character file.

Game seed: 10853204238375623288

311 Biggs the Cutter (level 6, -9/30 HPs)
             Began as a Vine Stalker Brigand on Apr 13, 2024.
             Engulfed by a cloud of flame (18 damage)
             ... on level 3 of the Dungeon.
             The game lasted 00:05:17 (1007 turns).

Biggs the Cutter (Vine Stalker Brigand)             Turns: 1007, Time: 00:05:17

Health: -9/30      AC:  4    Str: 13    XL:     6   Next: 42%
Magic:  0/7        EV: 10    Int: 11    God:
Gold:   142        SH:  0    Dex: 18    Spells: 5/5 levels left

rFire   . . .        a - +2 dagger
rCold   . . .        (no shield)
rNeg    . . .        p - +0 leather armour
rPois   .            (no helmet)
rElec   .            c - +0 cloak
rCorr   .            (no gloves)
SInv    +            (no boots)
Will    .....        (no amulet)
Stlth   +++          g - ring of see invisible
HPRegen 1.05/turn    (no ring)
MPRegen 0.10/turn

%: guardian spirit
@: no status effects
A: fangs 2, regeneration 1, magic shield, antimagic bite, no potion heal 2
a: no special abilities


You were on level 3 of the Dungeon.
You visited 1 branch of the dungeon, and saw 3 of its levels.

You collected 142 gold pieces.

Inventory:

Hand Weapons
 a - a +2 dagger (weapon)
Missiles
 d - 12 poisoned darts (quivered)
 e - 3 curare-tipped darts
 f - 3 datura-tipped darts
Armour
 c - a +0 cloak (worn)
 p - a +0 leather armour (worn)
Jewellery
 g - a ring of see invisible (left hand)
Wands
 o - a wand of iceblast (5)
Scrolls
 b - 2 scrolls of fear {unknown}
 j - a scroll of brand weapon {unknown}
 n - a scroll of fog {unknown}
 q - a scroll of teleportation {unknown}
 t - a scroll of enchant weapon {unknown}
 u - a scroll of poison {unknown}
Potions
 h - a potion of attraction {unknown}
 i - 2 potions of curing {unknown}
 k - a potion of heal wounds {unknown}
 l - a potion of berserk rage {unknown}
 m - a potion of haste {unknown}
 r - a potion of brilliance {unknown}
 s - a potion of might {unknown}


   Skills:
 - Level 1.7 Fighting
 + Level 6.0 Short Blades
 - Level 1.7 Throwing
 - Level 0.7 Dodging
 - Level 4.8 Stealth


You had 5 spell levels left.
You didn't know any spells.
Your spell library was empty.

Dungeon Overview and Level Annotations

Branches:
Dungeon (3/15)

Altars:


Innate Abilities, Weirdness & Mutations

You have extremely sharp teeth.
Your natural rate of healing is unusually fast.
When hurt, damage is shared between your health and your magic reserves.
Your bite disrupts and absorbs the magic of your enemies.
Potions cannot restore your health.


Message History

You hit the orc but do no damage. Your bite misses the orc.
The orc is heavily wounded.
The orc hits you with a +0 short sword.
You hit the orc but do no damage.
The orc is heavily wounded.
The orc hits you but does no damage.
You hit the orc.
You kill the orc!
Items here: ( ) [ †.
s - a fizzy ruby potion You now have 118 gold pieces (gained 6).
The hobgoblin shouts!
The hobgoblin closely misses you.
You hit the hobgoblin.
The hobgoblin is moderately wounded.
The hobgoblin barely misses you.
You hit the hobgoblin.
The hobgoblin is severely wounded.
The hobgoblin closely misses you.
You hit the hobgoblin.
You kill the hobgoblin!
You see here a hobgoblin corpse.
Found a scroll labelled ZIQOEWUYLE.
t - a scroll labelled ZIQOEWUYLE
Found a scroll labelled EDGHIT TAOQO.
u - a scroll labelled EDGHIT TAOQO
Found 10 gold pieces.
Found a book of Scorching and a bloodstained ring mail.
You now have 128 gold pieces (gained 10).
Found 14 gold pieces.
You now have 142 gold pieces (gained 14).
Found 11 gold pieces.
You are engulfed in blazing flames.
Ouch! That really hurt!
You're standing in a cloud of flame!
You are engulfed in blazing flames.
* * * LOW HITPOINT WARNING * * *
You are engulfed in blazing flames.
Ouch! That really hurt!
You die...

#°§☼# #.# # #§°.# #.# ###
#§..# #.# ##..
######...######.# #...
##..§§...$.§§§.#.## #.#.
#..§°§.$/).☼°...).####.#.
#..☼☼$.[:...§§.##.#....#.
#.#####...#####.)...#####
#.# #☼@§# ###.#....#. #.#
#§°○# #...####.#. #.#
#☼§○# ##.....#.#.
#.#####...### #....†#...
#...........# #........#
########.#### #.....##.#
#..# #.....###. ##.#
####### # #.#


There were no monsters in sight!

Vanquished Creatures
  Grinder (D:3)
  Terence (D:2)
  3 adders
  A dart slug (D:1)
  4 orcs (D:3)
  7 endoplasms
  2 giant cockroaches
  5 hobgoblins
  3 jackals (D:1)
  7 kobolds
  3 quokkas
  5 ball pythons
  7 goblins
  3 rats
52 creatures vanquished.

Notes
Turn   | Place    | Note
-------+----------+-------------------------------------------
     0 | D:1      | Biggs the Vine Stalker Brigand began the quest for the Orb.
     0 | D:1      | Reached XP level 1. HP: 11/11 MP: 2/2
    23 | D:1      | Reached skill level 2 in Short Blades
   103 | D:1      | Reached XP level 2. HP: 12/15 MP: 3/3
   239 | D:1      | Reached skill level 3 in Short Blades
   254 | D:1      | Reached XP level 3. HP: 18/18 MP: 2/4
   436 | D:2      | Noticed Terence
   454 | D:2      | Killed Terence
   455 | D:2      | Reached XP level 4. HP: 17/23 MP: 5/5
   477 | D:2      | Reached skill level 4 in Short Blades
   639 | D:3      | Noticed Grinder
   650 | D:3      | HP: 1/23 [Grinder/nerve-wracking pain (3)]
   651 | D:3      | Killed Grinder
   652 | D:3      | Reached skill level 5 in Short Blades
   652 | D:3      | Reached XP level 5. HP: 2/26 MP: 0/6
   652 | D:3      | Reached XP level 6. HP: 3/30 MP: 0/7
   863 | D:3      | Reached skill level 6 in Short Blades
  1007 | D:3      | Engulfed by a cloud of flame

Illustrated notes

Levels and vault maps discovered:
D:1:      matt_arrival_los_fun, layout_basic, minmay_vboxes
D:2:      layout_basic, bh_walls_and_bars, uniq_jessica, uniq_terence,
          uniq_natasha
D:3:      layout_loops_cross, nicolae_dithmenos_shadow_blocks,
          lemuel_flame_loot_1, uniq_sigmund, uniq_grinder, uniq_robin

Skill      XL: |  1  2  3  4  5  6 |
---------------+-------------------+-----
Short Blades   | 2 3 5 6 |  6.0
Fighting       | |  1.7
Throwing       | |  1.7
Dodging        | |  0.7
Stealth        | |  4.8

Action                     |  1- 3 |  4- 6 || total
---------------------------+-------+-------++-------
  Melee: Dagger            |    90 |    84 ||   174
         Bite              |    22 |    23 ||    45
  Evoke: Wand              |     1 |     5 ||     6
   Stab: Sleeping          |     5 |     2 ||     7
 Armour: Robe              |    36 |     3 ||    39
         Leather armour    |       |    40 ||    40
  Dodge: Dodged            |    55 |    41 ||    96

Table legend: (Time is in decaauts)
 A = Elapsed time spent in this place.
 B = Non-inter-level travel time spent in this place.
 C = Inter-level travel time spent in this place.
 D = Time resting spent in this place.
 E = Time spent auto-exploring this place.
 F = Levels seen in this place.
 G = Mean time per level.
                   A        B        C        D        E       F      G
               +--------+--------+--------+--------+--------+-----+--------+
         Total |    970 |    970 |      0 |      0 |      0 |   3 |  323.3 |
       Dungeon |    970 |    970 |      0 |      0 |      0 |   3 |  323.3 |
               +--------+--------+--------+--------+--------+-----+--------+

Top non-repeatable levels by time:
     D:1: 376 daAuts
     D:3: 355 daAuts
     D:2: 238 daAuts
